 Dungeon Crawl Stone Soup version 0.30-a0-21-g5d08c37080 (webtiles) character file.

Game seed: 12268962970850898088

238 Ijustatesigmund the Cudgeller (level 6, -5/37 HPs)
             Began as a Gargoyle Gladiator on Aug 24, 2022.
             Slain by a river rat (7 damage)
             ... on level 4 of the Dungeon.
             The game lasted 00:07:37 (4397 turns).

Ijustatesigmund the Cudgeller (Gargoyle Gladiator)  Turns: 4397, Time: 00:07:37

Health: -5/37      AC:  9    Str: 17    XL:     6   Next: 7%
Magic:  8/8        EV: 12    Int: 11    God:
Gold:   201        SH:  0    Dex: 11    Spells: 8/8 levels left

rFire   + . .      SeeInvis .    a - +0 flail
rCold   + . .      Faith    .    (no shield)
rNeg    + . .      Spirit   .    b - +0 leather armour
rPois   ∞          Reflect  .    c - +1 helmet
rElec   +          Harm     .    p - scarf {rC+ rF+}
rCorr   .          Rampage  .    (no gloves)
Will    +....                    (no boots)
Stlth   +.........               (no amulet)
HPRegen 0.12/turn                (no ring)
MPRegen 0.11/turn                (no ring)

@: very slow
A: sickness immunity, AC +4, negative energy resistance 1, electricity
resistance, torment resistance 1, petrification resistance, strong-willed 1,
noise suppression
a: no special abilities


You were on level 4 of the Dungeon.
You visited 1 branch of the dungeon, and saw 4 of its levels.

You collected 201 gold pieces.

Inventory:

Hand Weapons
 a - a +0 flail (weapon)
Missiles
 d - a throwing net (quivered)
 e - a javelin
Armour
 b - a +0 leather armour (worn)
 c - a +1 helmet (worn)
 p - a scarf of resistance (worn)
Jewellery
 k - a ring of ice
 m - a ring of ice
 n - a ring of resist corrosion
Wands
 i - a wand of iceblast (5)
Scrolls
 g - a scroll of identify
 j - a scroll of enchant armour
 l - a scroll of butterflies
Potions
 h - a potion of flight


   Skills:
 + Level 3.5 Fighting
 + Level 4.3 Maces & Flails
 - Level 1.7 Throwing
 + Level 3.1 Armour
 - Level 2.4 Dodging
 - Level 1.6 Spellcasting
 + Level 1.2 Evocations


You had 8 spell levels left.
You didn't know any spells.
Your spell library contained the following spells:

 Spells                   Type           Power      Damage    Failure   Level
 Wereblood                Tmut           0%         N/A       47%         2
 Portal Projectile        Hex/Tloc       0%         N/A       71%         3
 Tukima's Dance           Hex            0%         N/A       71%         3
 Blade Hands              Tmut           0%         N/A       100%        5
 Summon Hydra             Summ           0%         N/A       100%        7
 Sublimation of Blood     Necr           Unusable   N/A       N/A         2

Dungeon Overview and Level Annotations

Branches:
Dungeon (4/15)             Temple (0/1) D:4

Altars:

Shops:
D:3 =


Innate Abilities, Weirdness & Mutations

You are immune to sickness and miasma.
Your stone body is resilient. (AC +4)
You are immune to poison.
You resist negative energy. (rN+)
You are resistant to electric shocks. (rElec)
You are resistant to unholy torment.
You are immune to petrification.
You are strong-willed. (Will+)
You passively dampen the noise of your surroundings.


Message History

You hear the brisk rusting of a drain very nearby.
The river rat bites you.
Your unstable footing causes you to fumble your attack.
The river rat bites you.
Your unstable footing causes you to fumble your attack.
The river rat bites you but does no damage.
Your unstable footing causes you to fumble your attack.
The river rat barely misses you.
Your unstable footing causes you to fumble your attack.
The river rat barely misses you.
You closely miss the river rat.
The river rat bites you but does no damage.
The river rat bites you.
Your unstable footing causes you to fumble your attack.
The river rat barely misses you.
Your unstable footing causes you to fumble your attack.
The river rat bites you but does no damage.
You hit the river rat but do no damage. The river rat closely misses you.
Your unstable footing causes you to fumble your attack.
The river rat bites you.
* * * LOW HITPOINT WARNING * * *
Your unstable footing causes you to fumble your attack.
The river rat bites you.
* * * LOW HITPOINT WARNING * * *
The river rat barely misses you.
It was a potion of mutation.
You feel extremely strange.
You feel your surroundings grow quieter.
You feel strong-willed.
The river rat bites you but does no damage.
You hit the river rat but do no damage.
The river rat bites you but does no damage.
You barely miss the river rat. The river rat bites you.
* * * LOW HITPOINT WARNING * * *
Your unstable footing causes you to fumble your attack.
The river rat bites you but does no damage.
You closely miss the river rat. The river rat bites you.
* * * LOW HITPOINT WARNING * * *
Your unstable footing causes you to fumble your attack.
The river rat bites you!
You die...

'......#
##.#####.###.####
.#######
#............# .#
#.....~.....##
.###
#.~.~~~~~..##
'### #~~#~#~#####
.⌠#######
#~~~~~~~~~#
>.'.....#
#########~#
.⌠#####.#
#~~~†~~# )###
#.#### #~#@####
.### #....# #
#r~~~# .# ##...#
#~##~#
.#######...# #~~
# ...........#
##~ .......)...#
~# ...........#
~# ####.......#
## # #.......#


You could see a river rat.

Vanquished Creatures
  An ogre (D:4)
  Terence (D:2)
  2 adders
  A river rat (D:4)
  2 worms
  3 dart slugs
  2 orcs
  10 endoplasms
  3 giant cockroaches
  8 goblins
  8 hobgoblins
  3 jackals (D:3)
  3 quokkas
  4 ball pythons
  6 bats
  3 frilled lizards
  10 kobolds
  8 rats
78 creatures vanquished.

Vanquished Creatures (others)
  A plant (D:2)
1 creature vanquished.

Grand Total: 79 creatures vanquished

Notes
Turn   | Place    | Note
-------+----------+-------------------------------------------
     0 | D:1      | Ijustatesigmund the Gargoyle Gladiator began the quest for
                  | the Orb.
     0 | D:1      | Reached XP level 1. HP: 12/12 MP: 1/1
   505 | D:1      | Reached XP level 2. HP: 10/17 MP: 2/2
   670 | D:1      | Reached skill level 1 in Armour
  1154 | D:1      | Reached skill level 1 in Spellcasting
  1340 | D:1      | Reached XP level 3. HP: 19/21 MP: 4/4
  2225 | D:2      | Noticed Terence
  2697 | D:2      | Killed Terence
  2698 | D:2      | Reached XP level 4. HP: 27/27 MP: 4/6
  3031 | D:2      | Found a faded altar of an unknown god.
  3897 | D:3      | Found Kepsogg's Jewellery Emporium.
  4049 | D:3      | Reached XP level 5. HP: 31/32 MP: 7/7
  4141 | D:4      | Noticed an ogre
  4150 | D:4      | Killed an ogre
  4151 | D:4      | Reached skill level 4 in Maces & Flails
  4151 | D:4      | Reached skill level 1 in Evocations
  4184 | D:4      | Found a staircase to the Ecumenical Temple.
  4303 | D:4      | Reached XP level 6. HP: 30/37 MP: 8/8
  4392 | D:4      | Gained mutation: You passively dampen the noise of your
                  | surroundings. [potion of mutation]
  4392 | D:4      | Gained mutation: You are strong-willed. (Will+) [potion of
                  | mutation]
  4397 | D:4      | Slain by a river rat

Illustrated notes

Levels and vault maps discovered:
D:1:      onia_arrival_mini_maze_b, layout_basic
D:2:      kennysheep_big_flooded_room, layout_basic,
          shapermc_ecumenical_altar_mp_ritualfount, uniq_terence
D:3:      layout_loops_cross, serial_shops, shop, minivault_27
D:4:      layout_basic, mainiacjoe_overflow_alcove_3, temple_doors_e,
          lightli_sewer_entry_pipes, grunt_decor_mini_mirrors

Skill      XL: |  1  2  3  4  5 |
---------------+----------------+-----
Armour         | 1 2 3 |  3.1
Spellcasting   | 1 |  1.6
Fighting       | 3 |  3.5
Maces & Flails | 4 |  4.3
Evocations     | 1 |  1.2
Throwing       | |  1.7
Dodging        | |  2.4

Action                   |  1- 3 |  4- 6 || total
-------------------------+-------+-------++-------
Melee: Flail             |   141 |   150 ||   291
       Punch             |     1 |       ||     1
Throw: Throwing net      |     2 |     1 ||     3
Evoke: Wand              |       |     4 ||     4
  Use: Scroll            |     6 |     4 ||    10
       Potion            |       |     3 ||     3
 Stab: Sleeping          |     1 |       ||     1
       Held in net/web   |     2 |     3 ||     5
Armor: Leather armour    |    70 |    64 ||   134
       Skin              |       |     4 ||     4
Dodge: Dodged            |   120 |    95 ||   215

Table legend: (Time is in decaauts)
 A = Elapsed time spent in this place.
 B = Non-inter-level travel time spent in this place.
 C = Inter-level travel time spent in this place.
 D = Time resting spent in this place.
 E = Time spent auto-exploring this place.
 F = Levels seen in this place.
 G = Mean time per level.
                   A        B        C        D        E       F      G
               +--------+--------+--------+--------+--------+-----+--------+
         Total |   4464 |   4357 |    107 |    835 |   2804 |   4 | 1116.0 |
       Dungeon |   4464 |   4357 |    107 |    835 |   2804 |   4 | 1116.0 |
               +--------+--------+--------+--------+--------+-----+--------+

Top non-repeatable levels by time:
     D:1: 2255 daAuts
     D:2: 1053 daAuts
     D:3: 884 daAuts
     D:4: 272 daAuts
